 Dungeon Crawl Stone Soup version 0.30-a0-305-g026cb31310 (console) character file.

Game seed: 13854381439958229715

103332 jejorda2 the Peltast (level 16, -15/195 HPs)
             Began as a Merfolk Berserker on Oct 21, 2022.
             Was a High Priest of Trog.
             Demolished by an orc knight
             ... wielding a +3 dire flail
              (31 damage)
             ... on level 1 of the Orcish Mines on Oct 22, 2022.
             The game lasted 01:24:25 (22504 turns).

jejorda2 the Peltast (Merfolk Berserker)           Turns: 22504, Time: 01:24:26

Health: -15/195    AC: 17    Str: 19    XL:     16   Next: 35%
Magic:  16/16      EV: 16    Int:  8    God:    Trog [*****.]
Gold:   1857       SH: 15    Dex: 21    Spells: 15/15 levels left

rFire   + + .      SeeInvis .    a - +4 scimitar (flame)
rCold   + . .      Faith    .    x - +0 kite shield {reflect}
rNeg    + . .      Spirit   .    V - +0 swamp dragon scales
rPois   +          Reflect  +    g - +0 helmet "Fypim" {Rampage rF+ rC+}
rElec   .          Harm     .    F - +0 cloak {rCorr}
rCorr   +          Rampage  +    S - +0 pair of gloves
Will    ++...                    (no boots)
Stlth   ..........               M - amulet of regeneration
HPRegen 1.32/turn                K - ring of Estrer {rF+ rN+ Will+ Dex+3 Slay+2}
MPRegen 0.15/turn                c - +4 ring of protection

@: berserking, studying Long Blades, very quick
A: (nimble swimmer 2), mertail
a: Renounce Religion, Berserk, Trog's Hand, Brothers in Arms


You were on level 1 of the Orcish Mines.
You worshipped Trog.
Trog was extremely pleased with you.
You visited 3 branches of the dungeon, and saw 22 of its levels.
You also visited: Bailey and Ice Cave.

You collected 1996 gold pieces.
You spent 139 gold pieces at shops.

Inventory:

Hand Weapons
 a - a +4 scimitar of flaming (weapon)
 w - a +4 antimagic falchion
Missiles
 d - 174 stones
 f - 10 boomerangs (quivered)
 o - 5 throwing nets
 G - 3 atropa-tipped darts
 J - 34 poisoned darts
 R - 4 curare-tipped darts
Armour
 g - the +0 helmet "Fypim" (worn) {Rampage rF+ rC+}
   (You found it on level 13 of the Dungeon)

   rF:        It protects you from fire.
   rC:        It protects you from cold.
   Rampage:   It bestows one free step when moving towards enemies.
 x - a +0 kite shield of reflection (worn)
 F - a +0 cloak of preservation (worn)
 S - a +0 pair of gloves (worn)
 V - +0 swamp dragon scales (worn)
Jewellery
 c - a +4 ring of protection (right hand)
 v - a ring of resist corrosion
 H - a ring of protection from cold
 K - the ring of Estrer (left hand) {rF+ rN+ Will+ Dex+3 Slay+2}
   (You acquired it on level 10 of the Dungeon)

   [ring of positive energy]

   Dex:       It affects your dexterity (+3).
   Slay:      It affects your accuracy & damage with ranged weapons and melee
   (+2).
   rF:        It protects you from fire.
   rN:        It protects you from negative energy.
   Will:      It increases your willpower.
 M - an amulet of regeneration (around neck)
Wands
 m - a wand of paralysis (8)
 n - a wand of polymorph (8)
 y - a wand of iceblast (25)
 z - a wand of mindburst (28)
 E - a wand of digging (6)
 L - a wand of quicksilver (6)
 N - a wand of flame (34)
Scrolls
 e - 7 scrolls of identify
 h - 4 scrolls of immolation
 j - 5 scrolls of enchant armour
 k - 5 scrolls of teleportation
 p - a scroll of poison
 r - 3 scrolls of fog
 s - 4 scrolls of enchant weapon
 u - 3 scrolls of fear
 A - a scroll of silence
 D - 2 scrolls of magic mapping
 I - 2 scrolls of summoning
Potions
 i - 11 potions of curing
 l - 7 potions of attraction
 q - 4 potions of invisibility
 t - 6 potions of heal wounds
 B - 7 potions of mutation
 O - 2 potions of lignification
 P - 3 potions of resistance
 Q - 3 potions of might
 T - a potion of cancellation
 U - 2 potions of haste
 W - a potion of ambrosia
Miscellaneous
 X - a lightning rod (4/4)
 Y - a phial of floods
 Z - a lightning rod (4/4)


   Skills:
 * Level 13.0 Fighting
 - Level 6.5(10.8) Short Blades
 - Level 13.3(14.0) Long Blades
 - Level 12.0 Throwing
 + Level 6.9 Armour
 + Level 8.4 Dodging
 - Level 3.0 Stealth
 * Level 16.7 Shields
 - Level 6.0 Evocations


You had 15 spell levels left.
You didn't know any spells.
Your spell library was empty.

Dungeon Overview and Level Annotations

Branches:
Dungeon (15/15)            Temple (0/1) D:4            Lair (5/5) D:8
  Swamp (0/4) Lair:2       Spider (0/4) Lair:3        Slime (0/5) Lair:4
    Orc (2/2) D:11         Vaults (0/5) D:14         Depths (0/4) D:15
 Bailey (visited)           IceCv (visited)
    Elf: Orc:2

Altars:
Ashenzari
Fedhas
Kikubaaqudgha
Nemelex Xobeh
Okawaru
Qazlal
Trog
Uskayaw
The Shining One
Jiyva

Shops:
D:1 (?   Orc:1 (

Annotations:
D:8 2 transporters, idiolect's ghost, novice DjGl
D:14 2 transporters, exclusion: obsidian statue, Atlas's ghost, journeyman DsFE


Innate Abilities, Weirdness & Mutations

((You are very nimble when in or above water. (Stealth+, EV+, Speed+++)))
Your lower body shifts to a powerful aquatic tail in water.


Message History

You climb upwards.
There is a stone staircase leading down, spattered with blood here.
Unknown command.
A red film seems to cover your vision as you go berserk!
You feel yourself moving faster!
You feel mighty! You block the orc warrior's attack.
You block the orc knight's attack. x2
The orc priest completely misses you. The orc knight barely misses you.
You block the orc's attack.
Unknown command.
You completely miss the orc knight. You slash the orc knight!
You burn the orc knight.
The orc knight is lightly wounded.
You block the orc knight's attack.
The orc priest hits you but does no damage.
The orc knight hits you with a +0 great sword!!
The orc hits you but does no damage. You block the orc warrior's attack.
The orc knight hits you with a +2 battleaxe!!
Press: ? - help, v - describe, . - travel, g - get item
Here: an orc knight, wielding a +3 dire flail and wearing a +0 plate armour (strong)
Items here: ) †.
The floor, spattered with blood.
Unknown command.
You completely miss the orc knight.
The orc knight is lightly wounded.
You slash the orc knight! You burn the orc knight.
The orc knight is heavily wounded.
You block the orc warrior's attack. You block the orc knight's attack.
The orc knight hits you with a +2 battleaxe!!
* * * LOW HITPOINT WARNING * * *
The orc knight hits you with a +3 dire flail!!
* * * LOW HITPOINT WARNING * * *
The orc barely misses you. The orc priest completely misses you.
You slash the orc knight! You burn the orc knight.
The orc knight is heavily wounded.
You slash the orc knight! You burn the orc knight.
The orc knight is almost dead.
You block the orc warrior's attack.
The orc knight hits you but does no damage.
The orc knight hits you with a +3 dire flail!!
You die...

##............#.##
##..............##
##..............##
#....#...........#
...#.............##
#...........#.....##
#..........##......#
##.........#...oo)##
##.........)...o@o.#
.........#.....oo).#
.#...........#....##
..................##
.#.......)[........#
..................##
............[.....##
............<......#
..................##


You could see 3 orc knights, an orc warrior (strong), an orc priest (strong) and
an orc (strong).

Vanquished Creatures
  Gastronok (Lair:2)
  The ghost of Haenaira the Fighter, a journeyman DjCj of Makhleb (D:13)
  A reaper (IceCv)
  Snorg (D:14)
  An entropy weaver (shapeshifter) (D:14)
  6 hydras
  2 ice dragons (D:15)
  Erolcha (D:9)
  Fannar (D:10)
  An ogre mage (D:14)
  A catoblepas (Lair:5)
  2 centaur warriors
  5 boulder beetles
  6 two-headed ogres
  9 death yaks (Lair:5)
  An orc high priest (Bailey)
  Sonja (D:11)
  A fire crab (shapeshifter) (D:14)
  A death drake (shapeshifter) (D:14)
  A skeletal warrior (D:13)
  2 wizards (D:13)
  3 orc knights
  A harpy (D:13)
  4 deep elf pyromancers
  An orc sorcerer (Orc:2)
  8 ugly things
  9 cyclopes
  2 manticores
  14 elephants
  Maurice (D:9)
  10 black mambas
  2 moths of wrath (D:13)
  2 ice statues (IceCv)
  9 cane toads
  2 gargoyles
  A torpor snail (Lair:3)
  2 unseen horrors (D:11)
  8 komodo dragons
  3 efreet
  6 rime drakes
  A kobold demonologist (Bailey)
  A tengu conjurer (D:15)
  4 anaconda simulacra (IceCv)
  5 ice devils (IceCv)
  6 polar bears
  9 trolls
  12 dream sheep
  5 hornets
  7 slime creatures
  10 blink frogs
  Sigmund (D:2)
  10 spriggans (Lair:5)
  7 wyverns
  61 yaks
  Eustachio (D:6)
  2 dire elephant simulacra (IceCv)
  5 wraiths
  2 steam dragons
  2 basilisks
  10 vampire mosquitoes
  A death yak simulacrum (IceCv)
  A redback (D:13)
  2 harpy simulacra (IceCv)
  A swamp worm (Lair:2)
  4 acid dragons
  2 hydra simulacra (IceCv)
  14 water moccasins
  2 sky beasts
  27 orc warriors
  5 black bears
  8 ogres
  40 wolves
  6 boggarts
  9 centaurs
  A phantom (D:6)
  4 kobold brigands
  24 bullfrogs
  3 necrophages
  6 gnoll sergeants
  3 scorpions
  A two-headed ogre simulacrum (IceCv)
  19 wights
  A cane toad simulacrum (IceCv)
  12 killer bees
  3 electric eels (Bailey)
  5 howler monkeys
  3 hounds
  9 orc priests
  Crazy Yiuf (D:5)
  3 gnoll boudas
  3 iguanas
  11 orc wizards
  5 hell rats (Lair:2)
  A troll simulacrum (IceCv)
  20 gnolls
  6 adders
  A naga simulacrum (IceCv)
  2 shadow imps (D:6)
  A white imp (D:5)
  An ufetubus (D:6)
  A worm (D:4)
  3 dart slugs
  58 orcs
  4 bats (D:1)
  5 endoplasms
  8 giant cockroaches
  16 goblins
  18 hobgoblins
  4 quokkas
  10 ball pythons
  5 frilled lizards
  12 kobolds
  3 rats
  A butterfly (Lair:2)
714 creatures vanquished.

Vanquished Creatures (collateral kills)
  A boulder beetle (D:13)
  A deep elf pyromancer (D:13)
  A phantasmal warrior (D:13)
  3 elephants (Lair:3)
  A komodo dragon (Lair:3)
  A wyvern (Lair:3)
  A basilisk (D:13)
9 creatures vanquished.

Vanquished Creatures (others)
  26 fungi
  36 plants
62 creatures vanquished.

Grand Total: 785 creatures vanquished

Notes
Turn   | Place    | Note
-------+----------+-------------------------------------------
     0 | D:1      | jejorda2 the Merfolk Berserker began the quest for the Orb.
     0 | D:1      | Reached XP level 1. HP: 18/18 MP: 1/1
    78 | D:1      | Reached XP level 2. HP: 20/24 MP: 2/2
   179 | D:1      | Found a faded altar of an unknown god.
   276 | D:1      | Found Byulazah's Magic Scroll Shoppe.
   281 | D:1      | Reached XP level 3. HP: 30/30 MP: 3/3
   552 | D:1      | Found Ymoo's Antique Weapon Boutique.
   649 | D:1      | Bought a scroll of identify for 20 gold pieces
   677 | D:1      | Reached ** piety under Trog
   678 | D:1      | Reached XP level 4. HP: 16/37 MP: 4/4
   772 | D:2      | Noticed Sigmund
   873 | D:2      | Reached skill level 5 in Long Blades
  1128 | D:2      | Reached XP level 5. HP: 36/42 MP: 5/5
  1548 | D:2      | Killed Sigmund
  1549 | D:2      | Reached XP level 6. HP: 49/49 MP: 6/6
  2182 | D:3      | Found a bloodstained altar of Trog.
  2423 | D:1      | Bought a masterwork dagger for 119 gold pieces
  2423 | D:1      | Identified the +6 dagger of Agony {freeze, rPois Str-3
                  | Dex+7} (You bought it in a shop on level 1 of the Dungeon)
  3051 | D:4      | Reached skill level 5 in Fighting
  3056 | D:4      | Reached skill level 1 in Short Blades
  3056 | D:4      | Reached XP level 7. HP: 54/56 MP: 7/7
  3120 | D:4      | Found a staircase to the Ecumenical Temple.
  3348 | D:4      | Found an iron altar of Okawaru.
  3867 | D:5      | Entered Level 5 of the Dungeon
  4208 | D:5      | Reached XP level 8. HP: 48/64 MP: 8/8
  4425 | D:5      | Reached *** piety under Trog
  4666 | D:5      | Found a runed translucent door.
  4667 | D:5      | Noticed Crazy Yiuf
  4673 | D:5      | Killed Crazy Yiuf
  5188 | D:6      | Noticed Eustachio
  5193 | D:6      | Killed Eustachio
  5420 | D:7      | Reached XP level 9. HP: 69/69 MP: 9/9
  5572 | D:7      | Reached skill level 5 in Short Blades
  5572 | D:7      | Reached skill level 10 in Long Blades
  5974 | D:7      | Found a blossoming altar of Fedhas.
  5975 | D:7      | Found a hide-covered altar of Uskayaw.
  6000 | D:7      | Found an ancient bone altar of Kikubaaqudgha.
  6131 | D:7      | Reached skill level 1 in Stealth
  6436 | D:7      | Noticed a two-headed ogre
  6566 | D:7      | Killed a two-headed ogre
  6567 | D:7      | Reached skill level 5 in Armour
  6567 | D:7      | Reached XP level 10. HP: 76/76 MP: 10/10
  6682 | D:7      | Reached skill level 5 in Dodging
  7126 | D:8      | Identified a scroll of acquirement
  7126 | D:8      | Acquired a +1 helmet of intelligence
  7158 | D:8      | Found a flagged portal.
  7231 | Bailey   | Entered a bailey
  7376 | Bailey   | Noticed a kobold demonologist
  7383 | Bailey   | Killed a kobold demonologist
  7508 | Bailey   | Found an iron altar of Okawaru.
  7508 | Bailey   | Noticed an orc high priest
  7537 | Bailey   | Noticed a soul eater
  7549 | Bailey   | Killed an orc high priest
  7840 | Bailey   | Reached **** piety under Trog
  7849 | Bailey   | Reached skill level 1 in Throwing
  7849 | Bailey   | Reached skill level 1 in Evocations
  7930 | Bailey   | Acquired a +0 kite shield of reflection
  8216 | Bailey   | Identified the +4 broad axe of Ynky {vorpal, Stlth+}
  8270 | D:8      | Acquired a manual of Long Blades
  8278 | D:8      | Found a transporter.
  8334 | D:8      | Reached skill level 1 in Shields
  8339 | D:8      | Reached XP level 11. HP: 83/83 MP: 11/11
  8390 | D:8      | Noticed idiolect's ghost (novice DjGl)
  8391 | D:8      | Noticed a moth of wrath
  8394 | D:8      | Found a transporter.
  8402 | D:8      | Found a bloodstained altar of Trog.
  8413 | D:8      | Noticed a two-headed ogre
  8452 | D:8      | Reached skill level 2 in Shields
  8496 | D:8      | Found a staircase to the Lair.
  8571 | D:9      | Noticed Erolcha
  8581 | D:9      | Killed Erolcha
  8582 | D:9      | Reached skill level 3 in Shields
  8709 | D:9      | Reached skill level 4 in Shields
  8735 | D:9      | Noticed Maurice
  8766 | D:9      | Killed Maurice
  9187 | D:10     | Entered Level 10 of the Dungeon
  9258 | D:10     | Reached skill level 5 in Shields
  9292 | D:10     | Noticed a green ugly thing
  9293 | D:10     | Noticed a manticore
  9303 | D:10     | Killed a manticore
  9364 | D:10     | Killed a green ugly thing
  9438 | D:10     | Reached skill level 6 in Shields
  9498 | D:10     | Acquired the ring of Estrer {rF+ rN+ Will+ Dex+3 Slay+2}
  9520 | D:10     | Noticed a boulder beetle
  9538 | D:10     | Reached skill level 7 in Shields
  9544 | D:10     | Killed a boulder beetle
  9544 | D:10     | Noticed a cyclops
  9545 | D:10     | Noticed a seven-headed hydra
  9548 | D:10     | Killed a cyclops
  9577 | D:10     | Killed a seven-headed hydra
  9578 | D:10     | Reached skill level 8 in Shields
  9578 | D:10     | Reached XP level 12. HP: 18/95 MP: 12/12
  9833 | D:10     | Noticed a boulder beetle
  9992 | D:10     | Killed a boulder beetle
 10172 | D:10     | Found a stormy altar of Qazlal.
 10244 | D:10     | Found a glowing golden altar of the Shining One.
 10340 | D:10     | Noticed Fannar
 10354 | D:10     | Killed Fannar
 10355 | D:10     | Reached skill level 9 in Shields
 10545 | D:11     | Noticed Sonja
 10783 | D:12     | Reached skill level 10 in Fighting
 10966 | D:12     | Reached skill level 10 in Shields
 11625 | D:11     | Noticed a two-headed ogre
 11634 | D:11     | Killed Sonja
 11635 | D:11     | Reached skill level 11 in Shields
 11644 | D:11     | Killed a two-headed ogre
 11773 | D:11     | Found a staircase to the Orcish Mines.
 12116 | Lair:1   | Entered Level 1 of the Lair of Beasts
 12140 | Lair:1   | Reached XP level 13. HP: 103/103 MP: 13/13
 12166 | Lair:1   | Reached ***** piety under Trog
 12387 | Lair:1   | Reached skill level 12 in Shields
 12609 | Lair:1   | Received a gift from Trog
 13124 | Lair:2   | Found a staircase to the Swamp.
 13183 | Lair:2   | Found a frozen archway.
 13237 | IceCv    | Entered an ice cave
 13573 | IceCv    | Reached skill level 5 in Throwing
 13684 | IceCv    | Noticed a reaper
 13696 | IceCv    | Killed a reaper
 13802 | IceCv    | Reached skill level 13 in Shields
 14694 | Lair:2   | Noticed Gastronok
 14706 | Lair:2   | Killed Gastronok
 15325 | Lair:3   | Reached skill level 14 in Shields
 15359 | Lair:3   | Reached XP level 14. HP: 40/110 MP: 14/14
 15500 | Lair:3   | Found a hole to the Spider Nest.
 15834 | Lair:3   | Reached skill level 15 in Shields
 16365 | Lair:4   | Reached skill level 5 in Evocations
 16407 | Lair:4   | Found a staircase to the Slime Pits.
 16855 | Lair:4   | Found a viscous altar of Jiyva.
 16893 | Lair:5   | Entered Level 5 of the Lair of Beasts
 17192 | Lair:5   | Reached skill level 10 in Throwing
 17213 | Lair:5   | Received a gift from Trog
 17487 | Lair:5   | Reached XP level 15. HP: 89/115 MP: 15/15
 18344 | Lair:5   | Identified the +3 leather armour of Articulation {rC+ rN+}
 18998 | D:13     | Found a transporter.
 19019 | D:13     | Found a transporter.
 19200 | D:13     | Noticed Haenaira's ghost (journeyman DjCj)
 19535 | D:13     | Found a runed translucent door.
 19572 | D:13     | Reached skill level 16 in Shields
 19782 | D:13     | HP: 5/120 [Haenaira's ghost (6)]
 19943 | D:13     | Killed Haenaira's ghost
 19946 | D:13     | Identified the +0 helmet "Fypim" {Rampage rF+ rC+}
 20109 | D:14     | Found a gate to the Vaults.
 20262 | D:14     | Noticed Atlas's ghost (journeyman DsFE)
 20282 | D:14     | Reached XP level 16. HP: 127/127 MP: 16/16
 20399 | D:14     | Found a transporter.
 20413 | D:14     | Found a sparkling altar of Nemelex Xobeh.
 20421 | D:14     | Noticed Snorg
 20432 | D:14     | Killed Snorg
 20852 | D:14     | Found a transporter.
 20998 | D:15     | Entered Level 15 of the Dungeon
 21266 | D:15     | Found a staircase to the Depths.
 21305 | D:15     | Found a broken altar of Ashenzari.
 22018 | Orc:1    | Entered Level 1 of the Orcish Mines
 22110 | Orc:1    | Found Eteus's Weapon Shoppe.
 22256 | Orc:2    | Entered Level 2 of the Orcish Mines
 22504 | Orc:1    | Demolished by an orc knight

Illustrated notes

Levels and vault maps discovered:
D:1:      erik_arrival_blinker_ship, layout_rooms, serial_shops,
          nicolae_shop_competitors_out_of_business,
          nicolae_shop_window_shopping, hellmonk_ecumenical_altar_blasted
D:2:      layout_rooms, uniq_sigmund
D:3:      layout_loops_corners, mainiacjoe_overflow_six_doors_small
D:4:      layout_basic, mainiacjoe_overflow_catwalk, temple_doors_ab,
          serial_curves, eino_curves_01, eino_curves_03, serial_bayou_crossing
D:5:      layout_basic, uniq_crazy_yiuf_cottage
D:6:      layout_gridville, uniq_eustachio
D:7:      minmay_clustersquares, layout_loops_ring,
          chequers_temple_overflow_statue_of_worship, kennysheep_generic_room_13
D:8:      layout_rooms, lair_entry_dummy, enter_bailey_5,
          gammafunk_ghost_wrathful_warriors, nicolae_fountain_basement
D:9:      layout_roguey, minmay_misc_feat_iff, uniq_erolcha, uniq_maurice
D:10:     layout_small_grid, mainiacjoe_overflow_concentric_impassable,
          tso_altar, chequers_serial_rivers_small_b, minmay_misc_feat_rows,
          serial_park_tiny_pond, minmay_shattered_shrine, uniq_fannar
D:11:     layout_big_octagon, kennysheep_orc_monster_closet_entryway,
          minmay_holes, uniq_sonja
D:12:     layout_gridville
D:13:     layout_loops_cross, gammafunk_ghost_berserking_beasts,
          minmay_st_funbox
D:14:     layout_basic, david_vaults_2, chequers_serial_rivers_micro_c,
          nzn_ghost_randoct, nemelex_xobeh_ov_fountains_minmay, uniq_snorg
D:15:     grunt_enter_depths_hoard, layout_basic, nicolae_ashenzari_panopticon
Lair:1:   layout_chaotic_city, st_stairs_3, grunt_megastairs_5
Lair:2:   layout_cave_pods, minmay_swamp_entry_worms, portal_ice_cave_rime,
          chequers_serial_rivers_small_a, lemuel_fruit_fields,
          grunt_megastairs_2, uniq_gastronok
Lair:3:   layout_chaotic_city, spider_nest_entry_web_field, minmay_hedge_maze,
          beast_lair_carwin_7
Lair:4:   layout_hall_layers, slime_entry_1, minmay_stone_trees_small
Lair:5:   minmay_lair_end_enchanted_forest, layout_cave_pods,
          serial_bayou_shore_b
Orc:1:    layout_caves, serial_shops, nicolae_shop_trees,
          biasface_ghost_orc_armoury, basic_altar
Orc:2:    st_orc_pillars, layout_caves

Skill      XL: |  1  2  3  4  5  6  7  8  9 10 11 12 13 14 15 16 |
---------------+-------------------------------------------------+-----
Long Blades    | 4 5 6 7 8 9 11 13 | 13.3
Armour         | 2 3 4 5 6 |  6.9
Fighting       | 4 5 6 9 10 12 13 | 13.0
Short Blades   | 1 2 4 6 |  6.5
Dodging        | 4 5 6 7 8 |  8.4
Stealth        | 3 |  3.0
Throwing       | 1 3 6 11 12 | 12.0
Evocations     | 1 3 4 6 |  6.0
Shields        | 1 8 11 14 15 16 | 16.7

Action                   |  1- 3 |  4- 6 |  7- 9 | 10-12 | 13-15 | 16-18 || total
-------------------------+-------+-------+-------+-------+-------+-------++-------
Melee: Falchion          |    77 |   130 |       |       |       |       ||   207
       Punch             |     3 |     3 |     6 |       |       |       ||    12
       Dagger            |       |    37 |   284 |    83 |       |       ||   404
       Scimitar          |       |       |       |   507 |  1272 |   243 ||  2022
       Tailslap          |       |       |       |    13 |     2 |       ||    15
       Short sword       |       |       |       |    12 |    14 |       ||    26
Throw: Stone             |       |       |     1 |    10 |       |       ||    11
       Dart              |       |       |       |     7 |    45 |     3 ||    55
       Boomerang         |       |       |       |       |    18 |     1 ||    19
Invok: Berserk           |     2 |     3 |    10 |    18 |    18 |     5 ||    56
       Trog's Hand       |       |     1 |     1 |     8 |    12 |     3 ||    25
       Brothers in Arms  |       |       |       |       |     4 |       ||     4
Evoke: Wand              |       |       |       |     6 |     5 |       ||    11
  Use: Scroll            |     2 |     1 |     4 |    23 |     7 |       ||    37
       Potion            |       |       |       |     2 |     2 |       ||     4
 Stab: Sleeping          |     2 |       |     2 |     1 |     1 |     1 ||     7
       Distracted        |       |       |       |       |     3 |     1 ||     4
Armor: Animal skin       |    18 |     1 |       |       |       |       ||    19
       Leather armour    |       |    11 |       |       |       |       ||    11
       Plate armour      |       |     9 |    69 |       |       |       ||    78
       Ring mail         |       |     6 |       |   158 |       |       ||   164
       Steam dragon scal |       |       |     5 |    15 |       |       ||    20
       Scale mail        |       |       |       |     1 |   267 |       ||   268
       Swamp dragon scal |       |       |       |       |   106 |    98 ||   204
Dodge: Dodged            |    58 |   104 |   111 |   360 |   486 |   190 ||  1309
Block: Kite shield       |       |       |       |   233 |   841 |   256 ||  1330
       Reflection        |       |       |       |     9 |     6 |     4 ||    19

Table legend: (Time is in decaauts)
 A = Elapsed time spent in this place.
 B = Non-inter-level travel time spent in this place.
 C = Inter-level travel time spent in this place.
 D = Time resting spent in this place.
 E = Time spent auto-exploring this place.
 F = Levels seen in this place.
 G = Mean time per level.
                   A        B        C        D        E       F      G
               +--------+--------+--------+--------+--------+-----+--------+
         Total |  22318 |  21041 |   1277 |   3034 |  12930 |  24 |  929.9 |
       Dungeon |  14472 |  13429 |   1043 |   1873 |   8496 |  15 |  964.8 |
          Lair |   5272 |   5059 |    213 |    536 |   3141 |   5 | 1054.4 |
  Orcish Mines |    460 |    439 |     21 |    130 |    170 |   2 |  230.0 |
        Bailey |    936 |    936 |      0 |    182 |    493 |   1 |  936.0 |
      Ice Cave |   1176 |   1176 |      0 |    311 |    629 |   1 | 1176.0 |
               +--------+--------+--------+--------+--------+-----+--------+

Top non-repeatable levels by time:
  Lair:5: 1665 daAuts
     D:7: 1635 daAuts
   IceCv: 1176 daAuts
    D:13: 1157 daAuts
    D:10: 1097 daAuts
  Lair:2: 1074 daAuts
    D:14: 1023 daAuts
  Lair:3: 1021 daAuts
     D:3: 1018 daAuts
     D:4: 1003 daAuts
     D:5: 965 daAuts
     D:1: 962 daAuts
    D:15: 942 daAuts
     D:9: 936 daAuts
  Bailey: 936 daAuts
